 Dungeon Crawl Stone Soup version 0.19-a0-1886-gd64a0f0 (webtiles) character file.

29 PurpleRed the Conjurer (level 3, -5/19 HPs)
             Began as a Kobold Conjurer on Oct 15, 2016.
             Shot with an arrow by a centaur (12 damage)
             ... on level 3 of the Dungeon.
             The game lasted 00:06:14 (711 turns).

PurpleRed the Conjurer (Kobold Conjurer)             Turns: 711, Time: 00:06:15

Health: -5/19      AC:  3    Str:  5    XL:     3   Next: 32%
Magic:  6/7        EV: 15    Int: 17    God:
Gold:   37         SH:  0    Dex: 15    Spells: 2 memorised, 5 levels left

rFire  . . .     SeeInvis .     g - +0 club
rCold  . . .     Gourm    .     a - +1 robe
rNeg   . . .     Faith    .     (shield restricted)
rPois  .         Spirit   .     (no helmet)
rElec  .         Dismiss  .     (no cloak)
rCorr  .         Reflect  .     (no gloves)
MR     .....     Harm     .     (no boots)
Stlth  ++........               (no amulet)
                                (no ring)
                                i - ring of flight

@: no status effects
A: carnivore 3
a: Evoke Flight


You were on level 3 of the Dungeon.
You were very full.

You visited 1 branch of the dungeon, and saw 3 of its levels.

You collected 37 gold pieces.

Inventory:

Hand Weapons
 g - a +0 club (weapon)
Armour
 a - a +1 robe (worn)
 f - a cursed +0 leather armour
Jewellery
 i - a ring of flight (left hand)
Scrolls
 d - 2 scrolls of enchant armour
Potions
 h - 2 potions of cure mutation
Books
 b - a book of Conjurations

   Spells                             Type                      Level
   a - Magic Dart                     Conjuration                  1
   b - Searing Ray                    Conjuration                  2
   c - Dazzling Spray                 Conjuration/Hexes            3
   d - Fulminant Prism                Conjuration/Hexes            4
   e - Iskenderun's Mystic Blast      Conjuration                  4
   f - Iskenderun's Battlesphere      Conjuration/Charms           5
 e - a book of Changes

   Spells                             Type                      Level
   a - Beastly Appendage              Transmutation                1
   b - Sticks to Snakes               Transmutation                2
   c - Spider Form                    Transmutation/Poison         3
   d - Ice Form                       Ice/Transmutation            4
   e - Blade Hands                    Transmutation                5
Comestibles
 c - 3 meat rations


   Skills:
 - Level 2.4 Dodging
 - Level 2.6 Stealth
 + Level 3.1 Spellcasting
 + Level 4.3 Conjurations


You had 5 spell levels left.
You knew the following spells:

 Your Spells              Type           Power        Failure   Level  Hunger
a - Magic Dart            Conj           ###.         2%          1    None
b - Searing Ray           Conj           ###...       4%          2    ##.....


Dungeon Overview and Level Annotations

Branches:
Dungeon (3/15)

Altars:
Dithmenos
Qazlal


Innate Abilities, Weirdness & Mutations

You are small and have problems with some larger weapons.
You are carnivorous and can eat meat at any time.


Message History

The magic dart hits the kobold.
The kobold is severely wounded.
You barely miss the kobold.
The kobold is heavily wounded.
The kobold hits you with a short sword! The kobold misses you.
Casting: Magic Dart
Confirm with . or Enter, or press ? or * to list all spells.
Aiming: Magic Dart
Press: ? - help, Shift-Dir - straight line, f/p - kobold
Aim: a kobold, wielding a short sword (heavily wounded)
The magic dart hits the kobold.
You kill the kobold!
Things that are here:
a short sword; a kobold corpse The orc shouts!
The centaur shouts!
The centaur wields a shortbow.
The centaur shoots an arrow.
The arrow hits you.
You see here an arrow.
The centaur shoots an arrow.
The arrow hits you!
Ouch! That really hurt!
You die...

#............#
#......c....# #
#...........##.
#..$.......... ######
#..........#.# #....#
#............# #....#
#............# #....###
#.....<......#####....####
######(####.(@##...##.)..##
###.####.#....####.##§.####
#.....##.####..###.§§^.≈.≈^
##.....#.# #....#≈^§#^.^##≈
##.....o###.##.#.^≈#..^#.≈
#.##........#.#^##^§.^§#.
#)####.#.........≈^§..§§.
#)# #.#............_§§..
#.####.#..........≈....≈.


You could see a centaur.

Vanquished Creatures
  A leopard gecko (D:2)
  6 orcs
  A ball python (D:1)
  2 hobgoblins
  3 jackals (D:3)
  3 kobolds
  A bat (D:2)
  A frilled lizard (D:2)
  2 rats (D:2)
20 creatures vanquished.

Notes
Turn   | Place    | Note
-------+----------+-------------------------------------------
     0 | D:1      | PurpleRed the Kobold Conjurer began the quest for the Orb.
     0 | D:1      | Reached XP level 1. HP: 10/10 MP: 3/3
    83 | D:3      | Noticed an orc wizard
    83 | D:3      | Noticed an orc wizard
   159 | D:2      | Found a shadowy altar of Dithmenos.
   238 | D:1      | Reached XP level 2. HP: 15/15 MP: 3/5
   334 | D:2      | Learned a level 2 spell: Searing Ray
   470 | D:3      | Found a stormy altar of Qazlal.
   516 | D:3      | Reached XP level 3. HP: 9/19 MP: 3/7
   551 | D:3      | Noticed a centaur
   711 | D:3      | Shot with an arrow by a centaur

Vault maps used:
D:1:      elethiomel_arrival_infinity_welcomes_careful_drivers
D:2:      nicolae_dithmenos_shadow_blocks
D:3:      grunt_qazlal_sundering, serial_glass, glass_columns_a,
          glass_columns_a, glass_columns_b, glass_columns_a, first_bread

Skill      XL: |  1  2 |
---------------+-------+-----
Spellcasting   | 3 |  3.1
Dodging        | |  2.4
Stealth        | |  2.6
Conjurations   | |  4.3

Action                   || total
-------------------------++-------
Melee: Club              ||    14
 Cast: Magic Dart        ||    22
       Searing Ray       ||     4
  Use: Potion            ||     2
       Scroll            ||     1
  Eat: Chunk             ||     6
Armor: Robe              ||    10
Dodge: Dodged            ||    30
